 Dungeon Crawl Stone Soup version 0.29.1-15-g9cfb28693d (console) character file.

Game seed: 17946698454023910467

65 Zeor the Shield-Bearer (level 4, 40/40 HPs)
             Began as a Meteoran Fighter on Mar 20, 2023.
             Quit the game on level 2 of the Dungeon.
             The game lasted 00:06:03 (1062 turns).

Zeor the Shield-Bearer (Meteoran Fighter)           Turns: 1062, Time: 00:06:04

Health: 40/40      AC: 10    Str: 19    XL:     4   Next: 62%
Magic:  5/5        EV:  7    Int: 10    God:
Gold:   114        SH:  5    Dex: 13    Spells: 3/3 levels left

rFire   . . .      SeeInvis .   a - +1 long sword
rCold   . . .      Faith    .   c - +0 buckler
rNeg    . . .      Spirit   .   i - +0 chain mail
rPois   .          Reflect  .   (no helmet)
rElec   .          Harm     .   (no cloak)
rCorr   +          Rampage  .   k - +0 pair of gloves
Will    .....                   (no boots)
Stlth   ..........              (no amulet)
HPRegen 0.13/turn               b - ring of resist corrosion
MPRegen 0.09/turn               (no ring)

@: glowing, bezotted
A: sense surroundings 1, otherworldly, glowing, explore regen
a: no special abilities


You were on level 2 of the Dungeon.
You visited 1 branch of the dungeon, and saw 2 of its levels.

You collected 114 gold pieces.

Inventory:

Hand Weapons
 a - a +1 long sword (weapon)
 j - a +1 dagger of holy wrath
Missiles
 f - 8 poisoned darts (quivered)
Armour
 c - a +0 buckler (worn)
 i - a +0 chain mail (worn)
 k - a +0 pair of gloves (worn)
Jewellery
 b - a ring of resist corrosion (left hand)
Potions
 d - a potion of might
 e - 2 potions of curing
 g - 2 potions of resistance
 h - a potion of lignification


   Skills:
 + Level 3.8 Fighting
 * Level 3.7 Long Blades
 + Level 3.8 Armour
 + Level 1.0 Dodging
 * Level 4.3 Shields


You had 3 spell levels left.
You didn't know any spells.
Your spell library was empty.

Dungeon Overview and Level Annotations

Branches:
Dungeon (2/15) Zot: 99

Altars:

Shops:
D:2 =


Innate Abilities, Weirdness & Mutations

You passively map a small area around you.
You are easily found by Zot.
You glow in the dark.
You regain HP and MP as you explore.


Message History

The quokka bites you but does no damage.
You closely miss the quokka. The quokka barely misses you.
You hit the quokka.
The quokka is almost dead.
The quokka barely misses you.
The quokka bites you but does no damage.
You barely miss the quokka.
The quokka is almost dead.
You block the quokka's attack.
You hit the quokka.
You kill the quokka!
An endoplasm comes into view.
Found 2 gold pieces.
The endoplasm quivers.
Found a spear.
The endoplasm freezes you.
You are frozen.
You hit the endoplasm.
The endoplasm is moderately wounded.
You block the endoplasm's attack.
You hit the endoplasm but do no damage.
The endoplasm is moderately wounded.
You block the endoplasm's attack. The endoplasm freezes you.
You are frozen.
You slash the endoplasm!
You kill the endoplasm!
No target in view!
You now have 114 gold pieces (gained 2).
You open the door.
There is an open door here.
You open the door.
There is an open door here.
You see here a +0 hand axe.
You open the door.
There is an open door here.
There is an open door here.
You have lingered too long.
Zot senses you.
Dive deeper or flee this branch before you suffer!
Enter note: this is dumb Are you sure you want to abandon this character and quit the game? (Confirm with "yes".)

▒▒▒▒∙▒∙∙∙∙∙∙∙∙∙∙∙∙∙∙∙∙∙▒▒'▒▒▒▒▒
▒▒▒▒
▒∙∙∙∙∙∙∙∙∙∙∙∙∙∙∙∙∙∙∙∙∙∙∙∙∙∙∙
∙∙∙▒
▒▒▒∙∙▒▒∙▒▒▒∙▒▒▒▒▒▒▒▒▒▒∙▒▒▒▒▒
▒▒∙▒ ▒∙∙▒▒∙▒ ▒∙▒ ▒∙▒ ▒∙▒
▒∙∙▒▒∙▒ ▒∙▒ ▒∙▒ ▒∙▒▒▒▒▒∙∙▒▒∙▒
▒∙▒ ▒∙▒ ▒∙∙∙∙∙∙∙∙∙∙∙▒ ▒∙▒ ▒∙▒
▒▒▒▒▒▒▒▒∙∙▒▒▒▒ ▒∙▒▒▒▒▒▒▒▒▒▒∙▒
∙∙∙∙∙∙∙∙∙∙▒ ▒p∙∙∙∙∙∙∙∙∙∙∙▒
▒▒▒▒▒▒▒▒▒∙▒ ▒∙▒▒▒▒▒▒▒▒▒▒∙▒ ▒∙▒
▒∙▒ ▒∙▒ ▒▒▒ ▒▒▒ ▒▒▒


There were no monsters in sight!

Vanquished Creatures
  2 adders (D:2)
  A worm (D:2)
  6 endoplasms
  3 giant cockroaches (D:1)
  3 goblins
  5 hobgoblins
  2 kobolds
  A quokka (D:2)
  4 ball pythons
  7 bats
  3 frilled lizards (D:1)
  7 rats
44 creatures vanquished.

Notes
Turn   | Place    | Note
-------+----------+-------------------------------------------
     0 | D:1      | Zeor the Meteoran Fighter began the quest for the Orb.
     0 | D:1      | Reached XP level 1. HP: 19/19 MP: 2/2
   108 | D:1      | Reached XP level 2. HP: 21/26 MP: 3/3
   251 | D:1      | Reached XP level 3. HP: 27/31 MP: 4/4
   389 | D:1      | Reached skill level 4 in Shields
   474 | D:1      | Glimpsed the power of Zot.
   539 | D:2      | Reached skill level 1 in Dodging
   540 | D:2      | Found Acudwozy's Jewellery Shop.
   579 | D:2      | Reached XP level 4. HP: 35/40 MP: 5/5
   612 | D:2      | Found a faded altar of an unknown god.
  1061 | D:2      | Glimpsed the power of Zot.
  1062 | D:2      | this is dumb
  1062 | D:2      | Quit the game

Illustrated notes

▒▒▒▒∙▒∙∙∙∙∙∙∙∙∙∙∙∙∙∙∙∙∙▒▒'▒▒▒▒▒
▒▒▒▒
▒∙∙∙∙∙∙∙∙∙∙∙∙∙∙∙∙∙∙∙∙∙∙∙∙∙∙∙
∙∙∙▒
▒▒▒∙∙▒▒∙▒▒▒∙▒▒▒▒▒▒▒▒▒▒∙▒▒▒▒▒
▒▒∙▒ ▒∙∙▒▒∙▒ ▒∙▒ ▒∙▒ ▒∙▒
▒∙∙▒▒∙▒ ▒∙▒ ▒∙▒ ▒∙▒▒▒▒▒∙∙▒▒∙▒
▒∙▒ ▒∙▒ ▒∙∙∙∙∙∙∙∙∙∙∙▒ ▒∙▒ ▒∙▒
▒▒▒▒▒▒▒▒∙∙▒▒▒▒ ▒∙▒▒▒▒▒▒▒▒▒▒∙▒
∙∙∙∙∙∙∙∙∙∙▒ ▒p∙∙∙∙∙∙∙∙∙∙∙▒
▒▒▒▒▒▒▒▒▒∙▒ ▒∙▒▒▒▒▒▒▒▒▒▒∙▒ ▒∙▒
▒∙▒ ▒∙▒ ▒▒▒ ▒▒▒ ▒▒▒


Turn 1062 on D:2: this is dumb

Levels and vault maps discovered:
D:1:      shiori_arrival_maze, layout_basic, grunt_decor_clamped
D:2:      layout_basic, serial_shops, nicolae_shop_stone,
          shapermc_ecumenical_altar_ellora

Skill      XL: |  1  2  3 |
---------------+----------+-----
Shields        | 4 |  4.3
Long Blades    | 3 |  3.7
Dodging        | 1 |  1.0
Fighting       | |  3.8
Armour         | |  3.8

Action                   |  1- 3 |  4- 6 || total
-------------------------+-------+-------++-------
Melee: Long sword        |    97 |    41 ||   138
  Use: Scroll            |     6 |     2 ||     8
Armor: Scale mail        |    50 |       ||    50
       Chain mail        |     5 |    21 ||    26
Dodge: Dodged            |    39 |    16 ||    55
Block: Buckler           |    27 |     8 ||    35
